 Dungeon Crawl Stone Soup version 0.30-a0-354-g6b83867211 (webtiles) character file.

Game seed: 18330511634003108228

4078 blackman the Cleaver (level 10, -5/70 HPs)
             Began as a Formicid Fighter on Nov 8, 2022.
             Was a Believer of Qazlal.
             Slain by an orc warlord
             ... wielding a +2 broad axe
              (34 damage)
             ... in a bailey.
             The game lasted 00:19:21 (7087 turns).

blackman the Cleaver (Formicid Fighter)             Turns: 7087, Time: 00:19:22

Health: -5/70      AC: 11    Str: 32    XL:     10   Next: 49%
Magic:  15/15      EV:  8    Int:  7    God:    Qazlal [**....]
Gold:   307        SH: 13    Dex: 19    Spells: 9/9 levels left

rFire   . . .      SeeInvis +    J - +0 battleaxe
rCold   . . .      Faith    .    c - +0 buckler
rNeg    + . .      Spirit   .    E - +0 chain mail
rPois   .          Reflect  +    (helmet unavailable)
rElec   .          Harm     .    (no cloak)
rCorr   .          Rampage  .    t - +0 pair of gloves
Will    +....                    q - +0 pair of boots
Stlth   ..........               u - amulet of reflection
HPRegen 0.31/turn                e - ring "Teunyimm" {rN+ Dex+6}
MPRegen 0.14/turn                G - +6 ring of strength

@: no status effects
A: permanent stasis, dig shafts and tunnels, antennae 3, four strong arms
a: Dig, Renounce Religion, Upheaval


You were in a bailey.
You worshipped Qazlal.
Qazlal was pleased with you.
You visited 2 branches of the dungeon, and saw 8 of its levels.
You also visited: Sewer and Bailey.

You collected 307 gold pieces.

Inventory:

Hand Weapons
 a - a +1 war axe
 J - a +0 battleaxe (weapon)
Missiles
 g - 18 poisoned darts
Armour
 b - a +0 scale mail
 c - a +0 buckler (worn)
 q - a +0 pair of boots (worn)
 t - a +0 pair of gloves (worn)
 E - a +0 chain mail (worn)
Jewellery
 e - the ring "Teunyimm" (left hand) {rN+ Dex+6}
   (You found it on level 3 of the Dungeon)

   [ring of dexterity]

   Dex:       It affects your dexterity (+6).
   rN:        It protects you from negative energy.
 o - a ring of flight
 u - an amulet of reflection (around neck)
 G - a +6 ring of strength (right hand)
Wands
 v - a wand of iceblast (7)
 C - a wand of mindburst (10)
Scrolls
 f - 3 scrolls of blinking
 h - 2 scrolls of vulnerability
 k - 3 scrolls of teleportation
 p - a scroll of amnesia
 y - a scroll of noise
 H - a scroll of fog
 K - a scroll of enchant armour {unknown}
Potions
 d - a potion of flight {unknown}
 i - 2 potions of cancellation
 j - a potion of lignification
 l - a potion of berserk rage
 m - 2 potions of curing {unknown}
 n - 5 potions of heal wounds
 r - a potion of mutation {unknown}
 s - a potion of attraction {unknown}
 z - 4 potions of brilliance {unknown}
 A - a potion of resistance {unknown}
 B - 4 potions of haste {unknown}
 D - a potion of experience {unknown}
 F - 2 potions of magic {unknown}
 I - a potion of invisibility {unknown}


   Skills:
 - Level 3.2 Fighting
 - Level 13.2 Axes
 - Level 3.2 Armour
 - Level 4.0 Shields
 * Level 7.2 Invocations


You had 9 spell levels left.
You didn't know any spells.
Your spell library contained the following spells:

 Spells                   Type           Power      Damage    Failure   Level
 Magic Dart               Conj           0%         1d3       95%         1
 Call Imp                 Summ           0%         N/A       99%         2
 Sublimation of Blood     Necr           0%         N/A       99%         2
 Wereblood                Tmut           0%         N/A       99%         2
 Mephitic Cloud           Conj/Pois/Air  0%         N/A       100%        3
 Tukima's Dance           Hex            0%         N/A       100%        3
 Passage of Golubria      Tloc           0%         N/A       100%        4
 Yara's Violent Unravell  Hex/Tmut       0%         3d3       100%        5
 Summon Hydra             Summ           0%         N/A       100%        7


Dungeon Overview and Level Annotations

Branches:
Dungeon (7/15)             Temple (1/1) D:6           Sewer (visited)
 Bailey (1/1)

Altars:
Ashenzari
Fedhas
Gozag
Hepliaklqana
Kikubaaqudgha
Makhleb
Nemelex Xobeh
Okawaru
Qazlal
Sif Muna
Trog
Uskayaw
Wu Jian
Xom
Yredelemnul
Zin
The Shining One

Annotations:
D:3 koil's ghost, amateur SpEn


Innate Abilities, Weirdness & Mutations

You cannot be hasted, slowed, berserked, paralysed or teleported.
You can dig through walls and to a lower floor.
You have a pair of large antennae on your head. (SInv)
Your four strong arms can wield two-handed weapons with a shield.


Message History

The orc warrior dies!
Qazlal accepts your kill.
The orc warlord hits your gnoll with a +2 broad axe!!
Your gnoll dies!
Your gnoll's corpse dissolves into shadows!
Your gnoll hits the orc warlord from afar with a +0 halberd!
You slice the orc!!
You kill the orc!
Qazlal accepts your kill.
Your gnoll barely misses the orc warlord.
You barely miss the orc warlord.
The orc warlord is lightly wounded.
Your gnoll waves at you.
Your gnoll hits the orc warlord from afar with a +0 halberd!
The orc warlord hits you with a +2 broad axe!
The orc warlord hits your gnoll with a +2 broad axe!
Your gnoll dies!
Your gnoll's corpse dissolves into shadows!
The orc warlord hits your gnoll with a +2 broad axe!!
Your gnoll dies!
Your gnoll's corpse dissolves into shadows!
Your gnoll hits the orc warlord from afar with a +0 halberd.
You swap places.
Your gnoll hits the orc warlord but does no damage.
Your gnoll hits the orc warlord from afar with a +0 halberd.
Aiming: Upheaval
Press: ? - help, Dir - move target, f - orc warlord
Aim: an orc warlord, wielding a +2 broad axe and wearing a +0 chain mail (sparse dust, moderately wounded, ally target) That beam is likely to hit you.
Continue anyway?
Okay, then.
Unknown command.
Your gnoll barely misses the orc warlord.
Your gnoll closely misses the orc warlord.
As you read the scroll of fear, it crumbles to dust.
You assume a fearsome visage.
The orc warlord looks frightened!
Your gnoll dissolves into shadows!
Your gnoll hits the orc warlord with a +0 halberd!
Your gnoll's attack snaps the orc warlord out of its fear.
The orc warlord hits you with a +2 broad axe!!
You die...

#...........#..
###.........###.
###.#)#.....###.##
###...))###.###...
{ ##.........###
o... #..........8#
.g...
#..........8#......
#∩....g)....'.o....
#...@o°°...8#......
#..........8# .o...
##.........### o...
###.....###.###...
###.#'#.....###.##
###)).......###.
#...........#..
#...........#..
#.....⌠.....#..


You could see an orc warlord (ally target) and a friendly gnoll (summoned).

Vanquished Creatures
  An orc knight (Bailey)
  Grinder (Sewer)
  2 black bears (D:6)
  12 orc warriors (Bailey)
  A centaur (D:4)
  2 sky beasts
  An ogre (D:5)
  A kobold brigand (Sewer)
  A bullfrog (D:6)
  3 scorpions
  2 necrophages
  6 wights
  5 killer bees
  A howler monkey (D:6)
  4 hounds
  2 quasits (D:3)
  2 orc priests
  3 iguanas
  Ijyb (D:5)
  2 orc wizards (D:7)
  6 gnolls
  7 adders
  7 shadow imps
  A white imp (D:6)
  3 ufetubi
  An adder zombie (Sewer)
  A worm (D:4)
  3 dart slugs
  25 orcs
  A bat zombie (Sewer)
  9 endoplasms
  4 giant cockroaches
  16 goblins
  14 hobgoblins
  8 jackals
  21 kobolds
  8 ball pythons
  9 bats
  2 frilled lizards
  2 kobold zombies (Sewer)
  3 rats
204 creatures vanquished.

Vanquished Creatures (collateral kills)
  An orc warrior (Bailey)
  A goblin (Bailey)
2 creatures vanquished.

Vanquished Creatures (others)
  4 plants (D:2)
4 creatures vanquished.

Grand Total: 210 creatures vanquished

Notes
Turn   | Place    | Note
-------+----------+-------------------------------------------
     0 | D:1      | blackman the Formicid Fighter began the quest for the Orb.
     0 | D:1      | Reached XP level 1. HP: 18/18 MP: 1/1
    62 | D:1      | Reached XP level 2. HP: 22/24 MP: 2/2
   156 | D:1      | Reached skill level 3 in Axes
   359 | D:1      | Reached XP level 3. HP: 26/29 MP: 3/3
   838 | D:2      | Found a bloodstained altar of Trog.
  1101 | D:2      | Reached skill level 4 in Axes
  1101 | D:2      | Reached XP level 4. HP: 35/35 MP: 4/4
  1556 | D:3      | Found a transporter.
  1568 | D:3      | Noticed koil's ghost (amateur SpEn)
  1627 | D:3      | Noticed a scorpion
  1635 | D:3      | Killed a scorpion
  1636 | D:3      | Reached skill level 5 in Axes
  1636 | D:3      | Reached XP level 5. HP: 33/41 MP: 5/5
  1800 | D:3      | Found a transporter.
  1893 | D:3      | Identified the ring "Teunyimm" {rN+ Dex+6}
  1923 | D:3      | Reached XP level 6. HP: 20/47 MP: 6/6
  2430 | D:4      | Reached skill level 6 in Axes
  2919 | D:4      | Found a glowing drain.
  2929 | Sewer    | Entered a sewer
  3180 | Sewer    | Reached skill level 7 in Axes
  3180 | Sewer    | Reached XP level 7. HP: 26/52 MP: 7/7
  3180 | Sewer    | Found an ancient bone altar of Kikubaaqudgha.
  3338 | Sewer    | Noticed Grinder
  3351 | Sewer    | Killed Grinder
  3352 | Sewer    | Reached skill level 8 in Axes
  3431 | Sewer    | Reached XP level 8. HP: 35/58 MP: 8/8
  3758 | D:5      | Entered Level 5 of the Dungeon
  3777 | D:5      | Reached skill level 9 in Axes
  4380 | D:5      | Noticed Ijyb
  4387 | D:5      | Killed Ijyb
  4582 | D:5      | Found a blossoming altar of Fedhas.
  4582 | D:5      | Found a hazy altar of Hepliaklqana.
  4585 | D:5      | Found an opulent altar of Gozag.
  4668 | D:5      | Reached skill level 10 in Axes
  4886 | D:6      | Reached XP level 9. HP: 64/64 MP: 9/9
  5143 | D:6      | Reached skill level 11 in Axes
  5318 | D:6      | Found a sparkling altar of Nemelex Xobeh.
  5342 | D:6      | Found a staircase to the Ecumenical Temple.
  5375 | Temple   | Entered the Ecumenical Temple
  5494 | Temple   | Became a worshipper of Qazlal Stormbringer
  5795 | D:6      | Reached skill level 12 in Axes
  5802 | D:6      | HP: 3/64 [poisoned by a killer bee]
  6181 | D:7      | Found a flagged portal.
  6208 | Bailey   | Entered a bailey
  6547 | Bailey   | Reached * piety under Qazlal
  6576 | Bailey   | Reached skill level 13 in Axes
  6576 | Bailey   | Reached XP level 10. HP: 58/70 MP: 10/10
  6630 | Bailey   | Noticed an orc knight
  6632 | Bailey   | Reached skill level 1 in Invocations
  6646 | Bailey   | Killed an orc knight
  6647 | Bailey   | Reached skill level 5 in Invocations
  6892 | Bailey   | Reached ** piety under Qazlal
  7067 | Bailey   | Noticed an orc warlord
  7087 | Bailey   | Slain by an orc warlord

Illustrated notes

Levels and vault maps discovered:
D:1:      minmay_arrival_diagonal_passages, layout_basic,
          grunt_decor_mini_mirrors, minmay_misc_feat_alley
D:2:      layout_loops_cross, basic_altar, serial_forest,
          infiniplex_forest_lined_2, infiniplex_forest_clump_double,
          infiniplex_forest_lined_2, infiniplex_forest_lined_ring,
          infiniplex_forest_straight_4, infiniplex_forest_end_double,
          infiniplex_forest_split, infiniplex_forest_lined_2,
          infiniplex_forest_straight_3
D:3:      layout_basic, gammafunk_ghost_stat_death
D:4:      layout_basic, portal_sewer_entry_d, minmay_misc_feat_columns,
          minmay_misc_feat_encased
D:5:      layout_loops_ring, chequers_temple_overflow_statue_of_worship,
          uniq_ijyb
D:6:      layout_loops_cross, mainiacjoe_overflow_cross_hatched, temple_statues
D:7:      layout_basic, enter_bailey_7, serial_shops,
          nicolae_shop_bloodbath_and_beyond, minmay_circle_x
Temple:   mainiacjoe_temple_bowtie_tessellation
Bailey:   bailey_axe_minmay_hex_keep, bailey

Skill      XL: |  1  2  3  4  5  6  7  8  9 10 |
---------------+-------------------------------+-----
Axes           | 3 4 5 7 8 10 13 | 13.2
Invocations    | 7 |  7.2
Fighting       | |  3.2
Armour         | |  3.2
Shields        | |  4.0

Action                   |  1- 3 |  4- 6 |  7- 9 | 10-12 || total
-------------------------+-------+-------+-------+-------++-------
Melee: War axe           |    85 |   142 |   209 |       ||   436
       Battleaxe         |       |       |    44 |    58 ||   102
Throw: Dart              |       |     6 |       |       ||     6
 Abil: Dig               |     2 |     3 |       |       ||     5
  Use: Scroll            |       |     8 |     6 |     3 ||    17
       Potion            |       |     1 |     3 |       ||     4
 Stab: Distracted        |       |       |       |     1 ||     1
Armor: Scale mail        |    63 |   144 |    16 |       ||   223
       Chain mail        |       |       |    63 |     5 ||    68
Dodge: Dodged            |    42 |   122 |    75 |     8 ||   247
Block: Buckler           |    35 |    97 |   139 |    28 ||   299
       Reflection        |       |     3 |     4 |       ||     7

Table legend: (Time is in decaauts)
 A = Elapsed time spent in this place.
 B = Non-inter-level travel time spent in this place.
 C = Inter-level travel time spent in this place.
 D = Time resting spent in this place.
 E = Time spent auto-exploring this place.
 F = Levels seen in this place.
 G = Mean time per level.
                   A        B        C        D        E       F      G
               +--------+--------+--------+--------+--------+-----+--------+
         Total |   7173 |   6904 |    269 |    916 |   4581 |  10 |  717.3 |
       Dungeon |   5480 |   5269 |    211 |    607 |   3692 |   7 |  782.9 |
        Temple |    144 |     86 |     58 |      0 |     71 |   1 |  144.0 |
         Sewer |    662 |    662 |      0 |      0 |    386 |   1 |  662.0 |
        Bailey |    885 |    885 |      0 |    309 |    432 |   1 |  885.0 |
               +--------+--------+--------+--------+--------+-----+--------+

Top non-repeatable levels by time:
     D:5: 1108 daAuts
     D:6: 1084 daAuts
  Bailey: 885 daAuts
     D:3: 868 daAuts
     D:2: 802 daAuts
     D:4: 784 daAuts
     D:1: 714 daAuts
   Sewer: 662 daAuts
  Temple: 144 daAuts
     D:7: 116 daAuts
